 Dungeon Crawl Stone Soup version 0.14.0-2-gd2dacb9 (webtiles) character file.

197 Maka the Ruffian (level 5, -7/32 HPs)
             Began as a Gargoyle Monk on Apr 10, 2014.
             Mangled by Blork the orc
             ... wielding a +0,+0 battleaxe
              (10 damage)
             ... on Level 4 of the Dungeon.
             The game lasted 00:09:31 (2188 turns).

Maka the Ruffian (Gargoyle Monk)                    Turns: 2188, Time: 00:09:31

HP  -7/32        AC 13     Str 14      XL: 5   Next:  7%
MP   5/5         EV 14     Int 11      God:
Gold 74          SH  0     Dex 18      Spells:  0 memorised,  4 levels left

rFire  . . .     SeeInvis .       - Unarmed
rCold  . . .     Clarity  .     w - +2 ring mail {MR+}
rNeg   + . .     Conserve .     (no shield)
rPois  +         rCorr    .     (no helmet)
rElec  +         rRot     +     o - +1 cloak
SustAb . .       Spirit   .     (no gloves)
rMut   .         Warding  .     (no boots)
Saprov . . .     Stasis   .     (no amulet)
MR     +....                    (no ring)
                                (no ring)

@: agile, hasted, very quick, somewhat resistant to hostile enchantments,
stealthy
A: life protection 1, electricity resistance, unbreathing, petrification
resistance, AC +4
a: no special abilities


You were on level 4 of the Dungeon.
You were not hungry.

You visited 1 branch of the dungeon, and saw 4 of its levels.

You collected 74 gold pieces.

Inventory:

Hand weapons
 b - a +1 blowgun
Missiles
 v - 19 poisoned needles
Armour
 g - a +2 leather armour
 o - a +1 cloak (worn)
 w - a +2 ring mail of magic resistance (worn)
Magical devices
 Z - a wand of teleportation (5)
Comestibles
 l - a meat ration
 m - a pear
 n - an apple
 r - a choko
 u - 5 bread rations
Scrolls
 j - a scroll of remove curse {unknown}
 p - a scroll of noise {unknown}
 q - a scroll of teleportation {unknown}
Jewellery
 e - an uncursed amulet of clarity {unknown}
Potions
 c - a potion of restore abilities
 d - a potion of magic
 s - 2 potions of agility


   Skills:
 - Level 3.2 Fighting
 + Level 2.0 Armour
 - Level 2.4 Dodging
 - Level 2.1 Stealth
 - Level 6.4 Unarmed Combat


You had 4 spell levels left.
You didn't know any spells.

Dungeon Overview and Level Annotations

Branches:
Dungeon (4/15)
 Temple: D:4-7

Altars:
Makhleb

Annotations:
D:4 Blork the orc


Innate Abilities, Weirdness & Mutations

You are resistant to torment.
You are immune to poison.
You are immune to rotting.
Your stone body is very resilient (AC +4).
You resist negative energy.
You are resistant to electric shocks.
You can survive without breathing.
You are immune to petrification.


Message History

You hit Blork the orc.
Blork the orc is severely wounded.
Blork the orc casts a spell at you. The puff of flame hits you!
* * * LOW HITPOINT WARNING * * *
The scorpion misses you.
Blork the orc hits you with a battleaxe.
* * * LOW HITPOINT WARNING * * *
You hit Blork the orc but do no damage.
Blork the orc is severely wounded.
The scorpion closely misses you. Blork the orc barely misses you.
You barely miss Blork the orc.
Blork the orc is severely wounded.
The scorpion stings you.
* * * LOW HITPOINT WARNING * * *
Blork the orc closely misses you.
Drink which item? (? for menu, Esc to quit)
You feel yourself speed up.
It was a potion of haste.
Blork the orc hits you with a battleaxe!
You die...

...>%########................#
.....'......#.....<..........#
.....#......#..########......#
.....#......#..# +......#
.....#......#..# #......#
.....#......#..# #.....
.....#......#..# #..
.....#......#..########..
.....#......#.zs@o.......
..#......#..#########.
########..# ....# .....#
#...... ...... ...##


You could see Blork the orc, a scorpion and a hobgoblin skeleton.

Vanquished Creatures
  A hound (D:3)
  4 adders
  5 giant geckos
  An orc (D:3)
  2 ball pythons
  3 giant cockroaches
  3 hobgoblins
  11 kobolds
  11 bats
  4 giant newts
  5 goblins
  6 rats
56 creatures vanquished.

Notes
Turn   | Place    | Note
--------------------------------------------------------------
     0 | D:1      | Maka, the Gargoyle Monk, began the quest for the Orb.
     0 | D:1      | Reached XP level 1. HP: 14/14 MP: 1/1
   199 | D:1      | Reached XP level 2. HP: 16/19 MP: 2/2
   234 | D:1      | Reached skill level 5 in Unarmed Combat
   596 | D:2      | Reached skill level 1 in Armour
   596 | D:2      | Reached XP level 3. HP: 21/23 MP: 3/3
  1445 | D:3      | Reached XP level 4. HP: 28/28 MP: 4/4
  1483 | D:3      | Found a burning altar of Makhleb.
  1490 | D:3      | Reached skill level 6 in Unarmed Combat
  2074 | D:4      | Reached XP level 5. HP: 32/32 MP: 5/5
  2167 | D:4      | Noticed Blork the orc
  2188 | D:4      | Mangled by Blork the orc

Action                   |  1- 3 |  4- 6 || total
-------------------------+-------+-------++-------
Melee: Unarmed           |   121 |    70 ||   191
Evoke: Wand              |     1 |       ||     1
  Use: Scroll            |     2 |     5 ||     7
       Potion            |       |     2 ||     2
 Stab: Sleeping          |     1 |       ||     1
